[Event "Team 45 45 League T36"]
[Site "Internet Chess Club"]
[Date "2008.02.03"]
[Round "2"]
[White "Glassywoman"]
[Black "OldChurchLady"]
[Result "0-1"]
[WhiteElo "1378"]
[BlackElo "1592"]
[Opening "French: advance variation"]
[ECO "C02"]
[Time "20:57:52"]
[TimeControl "2700+45"]

1. e4 e6 2. d4 d5 3. e5 c5 4. Bb5+ Bd7 5. Bxd7+ Qxd7 6. c3 Nc6 7. Nf3 cxd4 8.
cxd4 Nge7 9. O-O Nf5 10. Be3 Be7 11. Nc3 O-O 12. Qc2 f6 13. Nb5 fxe5 14. dxe5 a6
15. Nc3 Nxe3 16. fxe3 Rac8 17. Rad1 Qc7 18. Nd4 Qxe5 19. Rfe1 Bd6 20. g3 Rf6 21.
Qe2 Rcf8 22. a3 Qg5 23. Nxe6 Rxe6 24. Rxd5 Qe7 25. Qc4 Kh8 26. Qd3 Ne5 27. Qd1
Nf3+ 28. Kg2 Nxe1+ 29. Qxe1 Rxe3 30. Qd2 Re6 31. Rh5 Qf7 32. Qd1 Qf2+ 33. Kh3
Qf1+ 34. Qxf1 Rxf1 35. Nd5 Re5 36. Rxe5 Bxe5 37. Ne3 Rf8 38. Nc4 Bc7 39. b4 Kg8
40. Kg2 b5 41. Ne3 Be5 42. Nd5 Kf7 43. Nb6 Bb2 44. Nd7 Rd8 45. Nc5 Ra8 46. a4
Ba3 47. axb5 axb5 48. Nd3 Rd8 49. Ne5+ Ke6 50. Nc6 Rd2+ 51. Kf3 Rxh2 52. Nd4+
Kd5 53. Nxb5 Bxb4 54. Nc7+ Ke5 55. Ne8 Bf8 56. g4 Rc2 {White resigns} 0-1

[Event "Team 45 45 League T36"]
[Site "Internet Chess Club"]
[Date "2008.02.03"]
[Round "2"]
[White "Budzo"]
[Black "isolani"]
[Result "1-0"]
[WhiteElo "1746"]
[BlackElo "1632"]
[Opening "King's Indian: Andersson variation"]
[ECO "E92"]
[Time "10:01:20"]
[TimeControl "2700+45"]

1. Nf3 Nf6 2. c4 g6 3. d4 Bg7 4. Nc3 O-O 5. e4 d6 6. Be2 e5 7. dxe5 dxe5 8. Qxd8
Rxd8 9. Bg5 h6 10. Bxf6 Bxf6 11. Nd5 Rxd5 12. cxd5 Nd7 13. Rc1 Bd8 14. O-O Nf6
15. Bd3 Nd7 16. Rc2 f6 17. Rfc1 g5 18. Nd2 Nf8 19. Nf1 Ng6 20. Ne3 Nf4 21. Bc4
{Black resigns} 1-0

[Event "Team 45 45 League T36"]
[Site "Internet Chess Club"]
[Date "2008.02.04"]
[Round "2"]
[White "lmadueno"]
[Black "Cryptochess"]
[Result "1/2-1/2"]
[WhiteElo "1666"]
[BlackElo "1694"]
[Opening "Scotch gambit: Dubois-Réti defense"]
[ECO "C55"]
[Time "19:00:30"]
[TimeControl "2700+45"]

1. e4 e5 2. Nf3 Nc6 3. d4 exd4 4. Bc4 Nf6 5. e5 Ng4 6. Bxf7+ Kxf7 7. Ng5+ Ke8 8.
Qxg4 d6 9. Qf3 Nxe5 10. Qe4 Be7 11. Nf3 Nxf3+ 12. Qxf3 Be6 13. O-O c6 14. Qe4
Bd5 15. Qxd4 Rf8 16. Re1 Qd7 17. Nc3 Qf5 18. Nxd5 cxd5 19. Be3 Rf7 20. c4 dxc4
21. Qxc4 Qd7 22. Rad1 Kf8 23. Qc2 Kg8 24. Qb3 b6 25. Qd5 Rf8 26. Bc1 Kh8 27. Re2
Qc7 28. b4 Qd7 29. Qb3 Qg4 30. Rde1 Qd7 31. Bb2 Bf6 32. Bc1 Bd4 33. Be3 Bxe3 34.
fxe3 Qf5 35. h3 Qe5 36. e4 Rf4 37. a3 Qf6 38. Qd1 Qe5 39. Qd5 Qf6 40. Qd1 Qe5
{Game drawn by mutual agreement} 1/2-1/2

[Event "Team 45 45 League T36"]
[Site "Internet Chess Club"]
[Date "2008.02.03"]
[Round "2"]
[White "smsxman"]
[Black "Stoertebeker"]
[Result "0-1"]
[WhiteElo "1484"]
[BlackElo "1485"]
[Opening "Sicilian: Smith-Morra gambit"]
[ECO "B21"]
[Time "11:06:19"]
[TimeControl "2700+45"]

1. e4 c5 2. d4 cxd4 3. c3 d3 4. Bxd3 Nc6 5. Nf3 d6 6. Bb5 Qb6 7. Ba4 Nf6 8. e5
Ng4 9. Nd4 Nxe5 10. O-O Bd7 11. Be3 Nc4 12. Bb3 Nxe3 13. fxe3 e6 14. Na3 d5 15.
Nxc6 Bxc6 16. Qh5 Qxe3+ 17. Kh1 g6 18. Qd1 Bd6 19. Nc2 Qh6 20. h3 Qg7 21. c4 Qe5
22. Kg1 Qh2+ 23. Kf2 Qg3+ 24. Ke2 Qxg2+ 25. Rf2 Qe4+ 26. Kf1 Bc5 27. cxd5 Qh1+
28. Ke2 Bb5+ 29. Kd2 Qxd1+ 30. Rxd1 Bxf2 31. dxe6 Rd8+ 32. Kc1 Rxd1+ 33. Kxd1
fxe6 34. Bxe6 Ke7 35. Bb3 Rd8+ 36. Kc1 Be2 37. Nb4 Be3+ 38. Kc2 Bd1+ 39. Kc3
Bxb3 40. Kxb3 Bc5 41. Nc2 Bb6 42. a4 Rd3+ 43. Kc4 Rxh3 44. b4 Rh4+ 45. Kb3 g5
46. a5 Bc7 47. Ka4 g4 48. Ne3 Rh5 49. Nxg4 b6 50. axb6 axb6 51. b5 Rh4 {White
resigns} 0-1

[Event "Team 45 45 League T36"]
[Site "Internet Chess Club"]
[Date "2008.02.01"]
[Round "2"]
[White "PANAMA-REY"]
[Black "chicopee-ed"]
[Result "0-1"]
[WhiteElo "1474"]
[BlackElo "1542"]
[Opening "King's pawn opening"]
[ECO "B07"]
[Time "09:56:43"]
[TimeControl "2700+45"]

1. e4 d6 2. c3 Nf6 3. Bd3 e5 4. Nf3 Bg4 5. h3 Bh5 6. Bc2 Be7 7. d3 d5 8. Nbd2
dxe4 9. dxe4 Nbd7 10. O-O O-O 11. Qe1 Re8 12. Nh2 Bc5 13. Nc4 h6 14. Be3 Bb6 15.
Rc1 Nc5 16. Nxb6 axb6 17. f3 Rxa2 18. b4 Nd3 19. Bxd3 Qxd3 20. Rd1 Qe2 21. Rf2
Qxe1+ 22. Rxe1 Rea8 23. Ree2 Rxe2 24. Rxe2 Nxe4 25. Bxh6 Ra1+ 26. Nf1 Ng3 27.
Rf2 Rxf1+ 28. Rxf1 Nxf1 29. Bxg7 Kxg7 30. Kxf1 f5 31. Ke2 Kf6 32. h4 e4 33. Ke3
exf3 34. gxf3 Ke5 35. f4+ Kd5 36. Kd3 b5 37. Ke3 Kc4 38. Kd2 b6 39. Kc2 c6 40.
Kd2 c5 41. bxc5 bxc5 42. Kc2 b4 43. cxb4 cxb4 44. Kb1 Kb3 45. Kc1 Ka2 46. Kc2
b3+ {White resigns} 0-1

[Event "Team 45 45 League T36"]
[Site "Internet Chess Club"]
[Date "2008.02.04"]
[Round "2"]
[White "jayes"]
[Black "Fezzik"]
[Result "1-0"]
[WhiteElo "2081"]
[BlackElo "2046"]
[Opening "French: exchange variation"]
[ECO "C01"]
[Time "21:11:57"]
[TimeControl "2700+45"]

1. e4 e6 2. d4 d5 3. exd5 exd5 4. c4 Nf6 5. Nc3 Bb4 6. Bd3 O-O 7. Ne2 c5 8. O-O
dxc4 9. Bxc4 cxd4 10. Nxd4 Nc6 11. Nxc6 bxc6 12. Qb3 a5 13. Bg5 Be7 14. Rad1 Qc7
15. Rfe1 Ba6 16. Bxa6 Rxa6 17. Qc4 Ra7 18. Ne4 Nxe4 19. Bxe7 Qxe7 20. Rxe4 Qf6
21. Qc5 Rb7 22. Rde1 g6 23. Re8 Qg7 24. Qxc6 Qxb2 25. Qc5 Rxe8 26. Rxe8+ Kg7 27.
g4 Rb5 28. Qf8+ Kf6 29. h4 Qc1+ 30. Kg2 Qc6+ 31. Kh2 Qc7+ 32. Kh3 {Black
resigns} 1-0

[Event "Team 45 45 League T36"]
[Site "Internet Chess Club"]
[Date "2008.02.02"]
[Round "2"]
[White "Knight77"]
[Black "Legal"]
[Result "1-0"]
[WhiteElo "1852"]
[BlackElo "1986"]
[Opening "Réti opening"]
[ECO "A04"]
[Time "15:02:18"]
[TimeControl "2700+45"]

1. Nf3 c5 2. g3 g6 3. Bg2 Bg7 4. d3 Nc6 5. Nbd2 d6 6. O-O e5 7. e4 Nge7 8. h3
O-O 9. Re1 h6 10. Nf1 Be6 11. g4 d5 12. Ng3 Qc7 13. Be3 b6 14. Qd2 Kh7 15. Qe2
Rab8 16. g5 Nd4 17. Bxd4 cxd4 18. Rec1 Qd7 19. Kh2 Rbc8 20. exd5 Bxd5 21. Ne4 h5
22. Nf6+ Bxf6 23. gxf6 Bxf3 24. Bxf3 Ng8 25. Qxe5 Rc5 26. Qg3 Nxf6 27. c4 dxc3
28. Rxc3 Rxc3 29. bxc3 Qxd3 30. Rd1 Qxc3 31. Qd6 Re8 32. Rd3 Qe5+ 33. Kg2 Qxd6
34. Rxd6 Kg7 35. Rc6 Re7 36. a4 Ne4 37. a5 bxa5 38. Ra6 Nc5 39. Rxa5 Nd3 40. Bd1
Nf4+ 41. Kg3 Ne6 42. Re5 Kf6 43. Re3 Nc5 44. Ra3 Rd7 45. Bf3 Kg7 46. Ra5 Nb3 47.
Ra6 Nd2 48. Be2 Re7 49. Bd3 g5 50. Ra5 f6 51. Ra4 Kh6 52. h4 gxh4+ 53. Rxh4 a5
54. Bc2 Re5 55. Bd1 Ne4+ 56. Kg2 Nd6 57. Kf3 Ne8 58. Rf4 Kg5 59. Bc2 Ng7 60. Ra4
Rc5 61. Bd3 Nf5 62. Rf4 Rd5 63. Be4 Rc5 64. Bd3 h4 65. Rg4+ Kh5 66. Kf4 Rd5 67.
Bxf5 Rd4+ 68. Kf3 Rd2 69. Ra4 Rd5 70. Kf4 Rc5 71. Re4 Rb5 72. Re8 Rb4+ 73. Be4
Kh6 74. Rh8+ Kg7 75. Rxh4 a4 76. Rh7+ Kf8 77. Ra7 Rd4 78. Kf5 Rb4 79. Kxf6 Ke8
80. Bc6+ Kd8 81. Rxa4 Rb6 82. Rc4 Kc7 83. f4 Kd6 84. Re4 Rb8 85. Re8 Rb4 86.
Re6+ Kc7 87. f5 Rg4 88. Be8 Kd8 89. Bg6 Ra4 90. Re8+ Kd7 91. Re7+ Kd8 92. Re6
Ra5 93. Kg7 Kd7 94. Rf6 Ke7 95. Rf7+ Kd6 96. f6 {Black resigns} 1-0

[Event "Team 45 45 League T36"]
[Site "Internet Chess Club"]
[Date "2008.02.03"]
[Round "2"]
[White "Loco-Motif"]
[Black "Socraticchess"]
[Result "1-0"]
[WhiteElo "2015"]
[BlackElo "1760"]
[Opening "Queen's gambit declined"]
[ECO "D30"]
[Time "14:20:19"]
[TimeControl "2700+45"]

1. d4 d5 2. c4 e6 3. Nf3 c5 4. cxd5 exd5 5. e3 Nc6 6. Bb5 Bg4 7. Qa4 Bd7 8. O-O
Nf6 9. Nc3 Be7 10. Ne5 Qc7 11. Nxd7 Qxd7 12. dxc5 O-O 13. Rd1 Rad8 14. b4 a6 15.
Bxc6 bxc6 16. Qxa6 Ng4 17. Qe2 f5 18. h3 Ne5 19. a4 Qb7 20. Rb1 Qa7 21. Bb2 Nc4
22. Ba1 Bf6 23. Qa2 Ra8 24. Nxd5 cxd5 25. Bxf6 Qxa4 26. Qxa4 Rxa4 27. Bc3 Rd8
28. b5 Raa8 29. b6 Rab8 30. Bd4 Na3 31. Rb3 Nc4 32. Ra1 {Black resigns} 1-0

[Event "Team 45 45 League T36"]
[Site "Internet Chess Club"]
[Date "2008.02.05"]
[Round "2"]
[White "superplayer"]
[Black "Holzschlange"]
[Result "1/2-1/2"]
[WhiteElo "1750"]
[BlackElo "1933"]
[Opening "Queen's pawn game"]
[ECO "D04"]
[Time "21:36:47"]
[TimeControl "2700+45"]

1. d4 d5 2. Nf3 Nf6 3. e3 c5 4. Bd3 Qc7 5. c3 g6 6. O-O Bg7 7. Nbd2 O-O 8. dxc5
Qxc5 9. e4 dxe4 10. Nxe4 Nxe4 11. Bxe4 Qb6 12. Bg5 Nd7 13. Re1 Nf6 14. Bc2 Qxb2
15. Rxe7 Qxc3 16. Rc1 Qa3 17. Rc7 Bg4 {Game drawn by mutual agreement} 1/2-1/2

[Event "Team 45 45 League T36"]
[Site "Internet Chess Club"]
[Date "2008.02.02"]
[Round "2"]
[White "bobhill"]
[Black "chiiwen"]
[Result "0-1"]
[WhiteElo "2002"]
[BlackElo "1989"]
[Opening "Dutch: Leningrad, main variation"]
[ECO "A87"]
[Time "11:32:13"]
[TimeControl "2700+45"]

1. d4 f5 2. c4 Nf6 3. Nf3 g6 4. g3 Bg7 5. Bg2 d6 6. Qc2 O-O 7. Nbd2 Qe8 8. b3 e5
9. dxe5 dxe5 10. Bb2 Nc6 11. a3 e4 12. Ng5 Ne5 13. O-O e3 14. Bxe5 exf2+ 15.
Rxf2 Qxe5 16. Re1 Qe3 17. Nh3 Ng4 18. Nf1 Qh6 19. Rf3 Be6 20. Nf4 Bf7 21. e4
Rae8 22. Re2 Bd4+ 23. Kh1 Ne5 24. exf5 Nxf3 25. Bxf3 g5 26. Nd5 Bxd5 27. Bxd5+
Kh8 28. Rxe8 Rxe8 29. Qd2 Qf6 30. Bg2 b6 31. b4 c5 32. bxc5 Bxc5 33. Qd7 Rd8 34.
Qxa7 Qd4 {White resigns} 0-1

[Event "Team 45 45 League T36"]
[Site "Internet Chess Club"]
[Date "2008.02.01"]
[Round "2"]
[White "mitus"]
[Black "BaroneRosso"]
[Result "1-0"]
[WhiteElo "1876"]
[BlackElo "1961"]
[Opening "Sicilian, Szén (`anti-Taimanov') variation"]
[ECO "B44"]
[Time "16:00:37"]
[TimeControl "2700+45"]

1. e4 c5 2. Nf3 e6 3. d4 cxd4 4. Nxd4 Nc6 5. Nb5 d6 6. Bf4 e5 7. Be3 a6 8. N5c3
Nf6 9. Nd2 Ng4 10. Qf3 Be7 11. Bc4 O-O 12. Nd5 Nxe3 13. Qxe3 Bg5 14. Qd3 b5 15.
Bb3 Nd4 16. c3 Ne6 17. Nf3 Nc5 18. Qc2 Kh8 19. O-O f5 20. Nxg5 Qxg5 21. f3 Bb7
22. Rad1 Rad8 23. Qe2 Ne6 24. Qd2 fxe4 25. fxe4 Nf4 26. Nxf4 exf4 27. Bd5 Bxd5
28. Qxd5 Qe5 29. Rd4 Rde8 30. Qxd6 Qxd6 31. Rxd6 Rxe4 32. Rxa6 Re2 33. b3 Rc2
34. Rb6 Rxa2 35. Rxb5 h6 36. h3 Rd8 37. Rxf4 Rdd2 38. Rg4 Rd3 39. Rb8+ Kh7 40.
Rb7 Rxc3 41. Rbxg7+ {Black resigns} 1-0

[Event "Team 45 45 League T36"]
[Site "Internet Chess Club"]
[Date "2008.02.03"]
[Round "2"]
[White "Beetlejuice"]
[Black "Alphalegacy"]
[Result "1-0"]
[WhiteElo "1951"]
[BlackElo "2065"]
[Opening "Trompowsky attack (Ruth, Opocenský opening)"]
[ECO "A45"]
[Time "10:26:46"]
[TimeControl "2700+45"]

1. d4 Nf6 2. Bg5 e6 3. e3 Be7 4. Bd3 d5 5. f4 c5 6. c3 b6 7. Nf3 Ba6 8. Bxa6
Nxa6 9. Qa4+ Qd7 10. Qxa6 O-O 11. O-O Ne4 12. Bxe7 Qxe7 13. Qe2 c4 14. Nbd2 Nd6
15. e4 Qb7 16. e5 Nf5 17. g4 Ne7 18. Nh4 g6 19. Qg2 b5 20. f5 a5 21. Rab1 b4 22.
Nxc4 {Black resigns} 1-0

[Event "Team 45 45 League T36"]
[Site "Internet Chess Club"]
[Date "2008.02.02"]
[Round "2"]
[White "QueensCounselor"]
[Black "camembert"]
[Result "0-1"]
[WhiteElo "1825"]
[BlackElo "1906"]
[Opening "Ruy Lopez: open, classical defense"]
[ECO "C83"]
[Time "15:00:32"]
[TimeControl "2700+45"]

1. e4 e5 2. Nf3 Nc6 3. Bb5 a6 4. Ba4 Nf6 5. O-O Nxe4 6. d4 b5 7. Bb3 d5 8. dxe5
Be6 9. c3 Be7 10. Be3 Nc5 11. Bc2 Nd7 12. Re1 Ncxe5 13. Nxe5 Nxe5 14. Bd4 Ng6
15. Bxg7 Rg8 16. Bxg6 Rxg7 17. Rxe6 hxg6 18. Re5 c6 19. Nd2 Kf8 20. Nf3 Bf6 21.
Re2 Rg8 22. Qd2 Kg7 23. Qf4 Qb8 24. Qxb8 Raxb8 25. Rae1 b4 26. cxb4 Rxb4 27. b3
Rc8 28. Rd1 a5 29. Ne1 a4 30. Nd3 Rd4 31. Nb2 Rxd1+ 32. Nxd1 axb3 33. axb3 Ra8
34. Kf1 Ra1 35. Rd2 Kf8 36. Ke2 Ke7 37. Rd3 Be5 38. g3 f5 39. Nc3 Kd6 40. Na4
Ra2+ 41. Kf3 Rc2 42. Nb6 Rc3 43. Nc4+ Rxc4 44. bxc4 d4 45. g4 Kc5 46. gxf5 gxf5
47. h4 Kxc4 48. Ra3 c5 49. Ke2 Kd5 50. f3 Bd6 51. h5 c4 52. Ra5+ Ke6 53. h6 d3+
54. Ke3 d2 55. Kxd2 {White resigns} 0-1

[Event "Team 45 45 League T36"]
[Site "Internet Chess Club"]
[Date "2008.02.02"]
[Round "2"]
[White "cayo89"]
[Black "burnsja2003"]
[Result "1-0"]
[WhiteElo "1804"]
[BlackElo "1720"]
[Opening "Sicilian: closed"]
[ECO "B23"]
[Time "18:00:50"]
[TimeControl "2700+45"]

1. e4 c5 2. Nc3 e6 3. g3 d6 4. Bg2 Nc6 5. d3 Nf6 6. f4 Be7 7. Nf3 O-O 8. O-O a6
9. h3 Rb8 10. Be3 Qc7 11. e5 dxe5 12. fxe5 Nd7 13. Bf4 Ncxe5 14. Nxe5 Nxe5 15.
Re1 Bd6 16. Ne4 Rd8 17. Nxd6 Ng6 18. Ne8 Qb6 19. Bxb8 Rxe8 20. Rb1 f6 21. Bf4 e5
22. Be3 f5 23. b4 Qe6 24. c4 Qf6 25. Bxc5 b5 26. Qe2 f4 27. Rf1 {Black resigns}
1-0

[Event "Team 45 45 League T36"]
[Site "Internet Chess Club"]
[Date "2008.02.01"]
[Round "2"]
[White "Stav"]
[Black "scottrugby"]
[Result "1-0"]
[WhiteElo "1752"]
[BlackElo "1503"]
[Opening "Réti opening"]
[ECO "A05"]
[Time "12:31:32"]
[TimeControl "2700+45"]

1. Nf3 Nf6 2. b3 g6 3. Bb2 Bg7 4. e3 c5 5. Be2 Nc6 6. O-O d6 7. c4 b6 8. a3 O-O
9. Qc2 Bf5 10. d3 Qc7 11. Nbd2 Rfe8 12. Nh4 Bd7 13. Rfe1 e5 14. Rac1 a5 15. Qb1
Ne7 16. Qa1 Qd8 17. Nb1 Nf5 18. Nxf5 Bxf5 19. Nc3 Ng4 20. Bf3 Rb8 21. h3 Nf6 22.
Rcd1 h5 23. Nb5 Qd7 24. d4 exd4 25. exd4 Rxe1+ 26. Rxe1 Bxh3 27. dxc5 dxc5 28.
Bxf6 Bh6 29. gxh3 Qxh3 30. Bg2 Qg4 31. Qe5 Qe6 {Black resigns} 1-0

[Event "Team 45 45 League T36"]
[Site "Internet Chess Club"]
[Date "2008.02.02"]
[Round "2"]
[White "Just-Jim"]
[Black "reijo"]
[Result "0-1"]
[WhiteElo "1433"]
[BlackElo "1644"]
[Opening "English: Caro-Kann defensive system"]
[ECO "A11"]
[Time "11:54:51"]
[TimeControl "2700+45"]

1. c4 c6 2. c5 Nf6 3. Nc3 d5 4. d4 Bf5 5. Bf4 e6 6. Qb3 b6 7. cxb6 Qxb6 8. Qb5
Nbd7 9. Qxb6 axb6 10. e3 Be7 11. Nf3 O-O 12. Be2 c5 13. O-O Rfc8 14. Bb5 Bg4 15.
Bxd7 Nxd7 16. Ng5 h6 17. Nh3 Bxh3 18. gxh3 cxd4 19. exd4 Nf6 20. Kh1 Rc4 21. Be3
Ne8 22. Rg1 Kh7 23. Rac1 Rac8 24. Nb5 Rxc1 25. Rxc1 Rxc1+ 26. Bxc1 Bf6 27. Kg2
g5 28. Kf3 Ng7 29. Be3 Nf5 30. Nc3 Nxd4+ 31. Bxd4 Bxd4 32. Nd1 e5 33. b3 Kg6 34.
Kg4 f5+ 35. Kg3 h5 36. f3 e4 37. fxe4 dxe4 38. a4 f4+ 39. Kg2 f3+ 40. Kf1 e3 41.
Nxe3 Bxe3 42. b4 g4 43. a5 bxa5 44. bxa5 Kf5 45. a6 Kf4 46. hxg4 Kxg4 47. Ke1
Kh3 48. Kf1 Kxh2 49. Ke1 Kg2 50. Kd1 f2 51. Ke2 Ba7 52. Kd1 f1=Q+ {White
resigns} 0-1

[Event "Team 45 45 League T36"]
[Site "Internet Chess Club"]
[Date "2008.02.02"]
[Round "2"]
[White "mal57"]
[Black "N20863"]
[Result "0-1"]
[WhiteElo "1407"]
[BlackElo "1326"]
[Opening "Sicilian: Nimzovich-Rossolimo attack (without ...d6)"]
[ECO "B30"]
[Time "19:12:54"]
[TimeControl "2700+45"]

1. e4 c5 2. Nf3 Nc6 3. Bb5 Qb6 4. Bc4 e6 5. Nc3 Nge7 6. e5 Qc7 7. Nb5 Qb8 8.
Nd6+ Kd8 9. Nxf7+ Ke8 10. Nxh8 Nxe5 11. Nxe5 Qxe5+ 12. Qe2 Qxe2+ 13. Bxe2 g6 14.
O-O Bg7 15. Nxg6 hxg6 16. Rb1 d5 17. b4 c4 18. d3 b5 19. dxc4 bxc4 20. Bg5 Nf5
21. Bg4 Nd4 22. h4 Nxc2 23. h5 gxh5 24. Bxh5+ Kd7 25. b5 Bb7 26. Rbc1 Nd4 27. a4
Rh8 28. Be3 Rxh5 29. Bxd4 Bxd4 30. Rb1 Bc5 31. Rfd1 d4 32. f3 d3+ {White
resigns} 0-1

[Event "Team 45 45 League T36"]
[Site "Internet Chess Club"]
[Date "2008.02.02"]
[Round "2"]
[White "touchthis"]
[Black "vkpanch"]
[Result "1-0"]
[WhiteElo "1723"]
[BlackElo "1644"]
[Opening "Bird's opening"]
[ECO "A03"]
[Time "19:01:17"]
[TimeControl "2700+45"]

1. f4 d5 2. Nf3 Nf6 3. e3 Nc6 4. Bb5 Bg4 5. O-O a6 6. Bxc6+ bxc6 7. d3 e6 8.
Nbd2 Bd6 9. Qe1 O-O 10. b3 Bc5 11. Ne5 Qd6 12. Bb2 d4 13. e4 h6 14. Ndc4 Qd8 15.
Nxc6 Qe8 16. N4e5 Bh5 17. Bxd4 Bxd4+ 18. Nxd4 Qb8 19. Qa5 Ng4 20. Nec6 Qb6 21.
Qxh5 Ne3 22. Rf2 f5 23. Ne7+ Kh8 24. c3 Rf6 25. Ng6+ Kh7 26. Ne5 Rd8 27. Qe2
Rxd4 28. Qxe3 Rd6 29. Qxb6 cxb6 30. exf5 exf5 31. d4 Rd8 32. Rd1 Rc8 33. c4 Rd8
34. d5 Re6 35. Rfd2 Ree8 36. b4 g5 37. g3 b5 38. c5 Kg7 39. d6 Kf6 40. d7 Re6
41. c6 Rh8 42. c7 Re7 43. d8=Q Rxd8 44. cxd8=Q a5 45. Rd6+ Kg7 46. Qxe7+ Kg8 47.
Rd8# {Black checkmated} 1-0

[Event "Team 45 45 League T36"]
[Site "Internet Chess Club"]
[Date "2008.02.03"]
[Round "2"]
[White "avila"]
[Black "sean98"]
[Result "1/2-1/2"]
[WhiteElo "1603"]
[BlackElo "1624"]
[Opening "Sicilian: Najdorf, Byrne (English) attack"]
[ECO "B90"]
[Time "15:05:42"]
[TimeControl "2700+45"]

1. e4 c5 2. Nf3 d6 3. d4 cxd4 4. Nxd4 Nf6 5. Nc3 a6 6. Be3 Nc6 7. Be2 Qc7 8. f3
e6 9. Qd2 Be7 10. O-O Ne5 11. Rad1 Nc4 12. Bxc4 Qxc4 13. Rfe1 O-O 14. Nb3 b5 15.
Bf2 Qc7 16. Bg3 e5 17. Bh4 b4 18. Ne2 Nxe4 19. fxe4 Bxh4 20. Rf1 Qb6+ 21. Kh1
Be7 {Game drawn by mutual agreement} 1/2-1/2

[Event "Team 45 45 League T36"]
[Site "Internet Chess Club"]
[Date "2008.02.04"]
[Round "2"]
[White "oldsj"]
[Black "natethegreat"]
[Result "1-0"]
[WhiteElo "1568"]
[BlackElo "1527"]
[Opening "Sicilian: dragon, Yugoslav attack, Rauser variation"]
[ECO "B76"]
[Time "19:00:28"]
[TimeControl "2700+45"]

1. e4 c5 2. Nf3 d6 3. d4 cxd4 4. Nxd4 Nf6 5. Nc3 g6 6. Be3 Bg7 7. f3 Nc6 8. Qd2
O-O 9. O-O-O Bd7 10. Kb1 Rc8 11. g4 Ne5 12. g5 Nh5 13. f4 Bg4 14. fxe5 Bxd1 15.
Qxd1 Bxe5 16. Be2 Ng7 17. Nd5 Ne8 18. Nb3 e6 19. Nf4 Qxg5 20. Qd2 Qf6 21. Nd3
Qg7 22. Bh6 Qf6 23. Bxf8 Kxf8 24. Nxe5 Qxe5 25. Qd4 {Black resigns} 1-0

[Event "Team 45 45 League T36"]
[Site "Internet Chess Club"]
[Date "2008.02.02"]
[Round "2"]
[White "Caminator"]
[Black "kingphisch"]
[Result "0-1"]
[WhiteElo "1272"]
[BlackElo "1467"]
[Opening "Caro-Kann: classical variation"]
[ECO "B18"]
[Time "13:39:55"]
[TimeControl "2700+45"]

1. e4 c6 2. d4 d5 3. Nc3 dxe4 4. Nxe4 Bf5 5. f3 e6 6. Bd3 Bxe4 7. fxe4 Nf6 8.
Nf3 Nbd7 9. O-O c5 10. c3 Be7 11. Bf4 O-O 12. Bg3 a6 13. Re1 Rc8 14. Qc2 cxd4
15. Nxd4 Nc5 16. e5 Nxd3 17. Qxd3 Nd5 18. Rf1 Bc5 19. Rf3 Bxd4+ 20. Qxd4 Qb6 21.
Qxb6 Nxb6 22. Bf2 Nc4 23. b3 Nxe5 24. Rg3 Rfd8 25. Bd4 Ng6 26. Re1 Re8 27. Re4
e5 28. Rge3 f6 29. Bb6 Nf4 30. c4 Ne6 31. Kf2 Kf7 32. Rf3 Ng5 33. Rg4 Nxf3 34.
Kxf3 Re6 35. Be3 Rd8 36. Ke2 Red6 37. Rh4 h6 38. Rh3 Rd1 39. g3 Ra1 40. a4 Ra2+
41. Kf3 Ra3 42. Ke4 Rxb3 43. a5 Rb4 44. Kf5 g6+ 45. Ke4 Rxc4+ 46. Kf3 h5 {White
resigns} 0-1

[Event "Team 45 45 League T36"]
[Site "Internet Chess Club"]
[Date "2008.02.04"]
[Round "2"]
[White "Zkid"]
[Black "luar1609"]
[Result "1/2-1/2"]
[WhiteElo "2248"]
[BlackElo "2118"]
[Opening "Sicilian"]
[ECO "B50"]
[Time "18:47:44"]
[TimeControl "2700+45"]

1. e4 c5 2. Nf3 d6 3. Bc4 Nf6 4. Nc3 a6 5. a4 e6 6. d4 cxd4 7. Nxd4 Be7 8. Be3
O-O 9. f3 Nc6 10. Qd2 Qc7 11. Bb3 Na5 12. O-O Bd7 13. Rfd1 Rac8 14. Qd3 Nc4 15.
Bxc4 Qxc4 16. Qxc4 Rxc4 17. Nb3 Rb4 18. Rd2 Rc8 19. Bg5 h6 20. Bxf6 gxf6 21. a5
Kg7 22. Rad1 Kg6 23. Kf2 Be8 24. Ke3 f5 25. exf5+ Kxf5 26. Rd4 d5 27. h4 Rcc4
28. g3 Bf6 29. Rxc4 Rxc4 30. Rd3 Be5 31. Nd4+ Kg6 32. f4 Bc7 33. Nb3 Bb8 34. Rd2
Ba7+ 35. Ke2 f6 36. Kf3 Bc6 37. Kg4 h5+ 38. Kh3 Be3 39. Re2 d4 40. Nd1 Bf3 41.
Nxe3 dxe3 42. Rxe3 Bg4+ 43. Kg2 Rxc2+ 44. Kf1 Rxb2 45. Nc5 Kf7 46. Rb3 Rxb3 47.
Nxb3 Ke7 48. Nc5 Bf3 49. Kf2 Bd5 50. Ke3 Kd6 51. Nd3 Bb3 52. Kd4 Bd1 53. Nf2 Bf3
54. Ke3 Bd5 55. g4 hxg4 56. Nxg4 Ke7 57. h5 Ba2 58. Kd4 Bb3 59. Kc5 Bd1 60. h6
Kf7 61. h7 Kg7 62. Nxf6 Bb3 63. Kb6 Ba2 64. Kxb7 Bc4 65. Kc6 Kh8 66. Kc5 Ba2 67.
Kd4 Kg7 68. Ke5 Bc4 69. Nd7 Kxh7 70. Nf8+ Kg7 71. Nxe6+ Kf7 72. f5 Bb3 73. Ng5+
Ke7 74. f6+ Kf8 75. Kf5 Bc2+ 76. Ke6 Bb3+ 77. Kd6 Bc4 78. Kc5 Ba2 79. Kc6 Bc4
80. Ne4 Be2 81. Nd6 Bf3+ 82. Kb6 Be2 83. Kb7 Kg8 84. Kc7 Kf8 85. Kb6 Kg8 86. Nb7
Kf7 87. Nc5 Kxf6 88. Nxa6 Ke7 89. Nc7 Kd7 90. Nb5 Bxb5 91. Kxb5 Kc7 92. a6 Kb8
{Game drawn by mutual agreement} 1/2-1/2

[Event "Team 45 45 League T36"]
[Site "Internet Chess Club"]
[Date "2008.02.01"]
[Round "2"]
[White "Ser-Enigma"]
[Black "morgado"]
[Result "0-1"]
[WhiteElo "2069"]
[BlackElo "2074"]
[Opening "Caro-Kann: advance variation"]
[ECO "B12"]
[Time "13:20:25"]
[TimeControl "2700+45"]

1. e4 c6 2. d4 d5 3. e5 Bf5 4. Nf3 e6 5. Be2 c5 6. Be3 Nc6 7. dxc5 Qc7 8. Bb5
Bg4 9. Nbd2 Bxf3 10. Bxc6+ Qxc6 11. Nxf3 Bxc5 12. Nd4 Qb6 13. O-O Ne7 14. a3 Nc6
15. Nxc6 Bxe3 16. Nb4 Bc5 17. Qg4 O-O 18. Nd3 Be7 19. Rac1 Rac8 20. Rfd1 Rc4 21.
Qg3 Bh4 22. Qe3 Qxe3 23. fxe3 Re4 24. g3 Bg5 25. Nf4 Rxe3 26. Re1 Rxe1+ 27. Rxe1
Rc8 28. c3 Rc4 29. Nd3 Re4 30. Kf1 Rxe1+ 31. Kxe1 Be3 32. Ke2 Bg1 33. Kf3 b5 34.
b3 Kf8 35. h4 h5 36. Nf4 g6 37. Nd3 Ke7 38. Nb4 Kd7 39. Nd3 a5 40. a4 bxa4 41.
bxa4 Kc6 42. g4 hxg4+ 43. Kxg4 Be3 44. Nb2 Kc5 45. h5 gxh5+ 46. Kxh5 Bd2 47. Nd1
Kc4 {White resigns} 0-1

[Event "Team 45 45 League T36"]
[Site "Internet Chess Club"]
[Date "2008.02.02"]
[Round "2"]
[White "Obi-Wan"]
[Black "vollmerj"]
[Result "1-0"]
[WhiteElo "1830"]
[BlackElo "1726"]
[Opening "Alekhine's defense: Maróczy variation"]
[ECO "B02"]
[Time "08:06:46"]
[TimeControl "2700+45"]

1. e4 Nf6 2. d3 d5 3. e5 Nfd7 4. d4 e6 5. Nf3 c5 6. Bd3 cxd4 7. c3 dxc3 8. Nxc3
Nc6 9. O-O Ncxe5 10. Nxe5 Nxe5 11. Bb5+ Bd7 12. Qe2 Bxb5 13. Nxb5 Ng6 14. Bg5
Be7 15. Bxe7 Nxe7 16. Rac1 O-O 17. Nd4 Rc8 18. Qe3 Nc6 19. Nxc6 Rxc6 20. Qxa7
Qa8 21. Qxa8 Rxa8 22. Rxc6 bxc6 23. Ra1 c5 24. a4 c4 25. a5 Kf8 26. Ra3 Ke7 27.
Kf1 Kd6 28. Ke2 Kc5 29. Kd2 Kb5 30. Rg3 g6 31. Rh3 Rxa5 32. Rxh7 Ra7 33. Rh8 Kc5
34. h4 Rb7 35. Kc2 Kd4 36. Ra8 Ke5 37. g3 Kf5 38. f3 Kf6 39. Ra1 Rb3 40. Ra3 Rb7
41. Re3 Kg7 42. Ra3 Kh6 43. Ra8 Rb3 44. Ra3 Rb7 45. Ra8 Kg7 46. Ra6 Rb3 47. Ra3
Rb8 48. f4 Re8 49. b3 cxb3+ 50. Rxb3 Rc8+ 51. Kd2 Kh6 52. Rb7 Kg7 53. Rb3 Rc4
54. Ra3 Kf6 55. Ke3 Kf5 56. Kf3 d4 57. g4+ Kf6 58. g5+ Kf5 59. Ra5+ e5 60. Rxe5#
{Black checkmated} 1-0